AoeStats
← villeguitas.mavg

MegaRandom

509812769Analyzed
3v3 RM · 4d ago on Sep 28, 2026· 66m 17s· 6 players
Game mode
Random Map
Map size
Normal (6 player)
Population
200
Speed
Normal
Resources
Standard
Victory
Conquest
Starting age
Dark Age
Ending age
Imperial Age
RankedLock teamsTeams togetherTeam positionsShared explorationLock speedFull tech treeHidden civsTurbo modeCheats
Victory
Defeat
🇺🇸 Poles · United States
446
+19
🇧🇷 Gurjaras · Brazil
427
+20
🇺🇸 Mongols · United States
413
+20
🇧🇴 Britons · Bolivia
534
-21
🇧🇴 Saracens · Bolivia
504
-19
🇧🇴 Hindustanis · Bolivia
499
-19
GroaningCoyote3
0:34 Loom
9:46 Feudal Age
10:38 Gold Mining
10:42 Double-Bit Axe
11:28 Man-at-Arms
13:33 Arson
16:21 Stone Mining
19:07 Wheelbarrow
21:26 Castle Age
20:33 Town Watch
23:41 Bow Saw
24:05 Horse Collar
30:55 Stone Shaft Mining
31:10 Hand Cart
32:20 Forging
32:15 Scale Barding Armor
32:29 Heavy Plow
36:49 Imperial Age
34:59 Husbandry
35:15 Bloodlines
39:33 Conscription
39:29 Szlachta Privileges
40:28 Chain Barding Armor
39:45 Cavalier
44:33 Lechitic Legacy
46:17 Onager
60:39 Iron Casting
64:06 Long Swordsman
64:46 Squires
64:11 Pikeman
65:07 Two-Handed Swordsman
67:36 Blast Furnace
66:37 Scale Mail Armor
HammyMammish
1:14 Loom
10:30 Feudal Age
20:42 Castle Age
19:18 Double-Bit Axe
26:17 Town Watch
27:09 Wheelbarrow
26:44 Fletching
27:22 Bodkin Arrow
32:54 Bow Saw
33:03 Caravan
33:23 Gold Mining
35:26 Ballistics
40:14 Imperial Age
38:01 Hand Cart
37:49 Town Patrol
37:47 Stone Mining
37:58 Padded Archer Armor
38:13 Bloodlines
38:06 Husbandry
38:27 Thumb Ring
38:13 Horse Collar
39:28 Murder Holes
40:33 Leather Archer Armor
39:53 Light Cavalry
42:49 Forging
43:25 Conscription
47:51 Scale Barding Armor
47:48 Bracer
48:33 Hussar
renatomuzzi
0:41 Loom
9:32 Feudal Age
10:04 Town Watch
10:10 Double-Bit Axe
13:18 Horse Collar
16:06 Gold Mining
16:11 Stone Mining
19:21 Wheelbarrow
22:28 Castle Age
20:21 Arson
27:43 Bow Saw
30:15 Padded Archer Armor
30:06 Fletching
34:40 Imperial Age
32:46 Husbandry
34:14 Gold Shaft Mining
34:22 Stone Shaft Mining
34:27 Heavy Plow
35:30 Crossbowman
39:21 Hoardings
44:04 Thumb Ring
44:35 Leather Archer Armor
44:21 Scale Mail Armor
55:50 Scale Barding Armor
57:33 Elite Skirmisher
67:04 Chain Mail Armor
67:10 Chain Barding Armor
66:46 Bodkin Arrow
67:02 Forging
blindsbolivia
13:21 Feudal Age
14:17 Double-Bit Axe
14:18 Horse Collar
19:33 Castle Age
24:10 Heavy Plow
26:27 Wheelbarrow
26:24 Bow Saw
27:25 Hand Cart
27:42 Masonry
32:36 Imperial Age
30:52 Gold Mining
30:58 Stone Mining
33:00 Ballistics
33:53 Gold Shaft Mining
36:26 Scale Mail Armor
38:01 Bimaristan
43:40 Chain Mail Armor
48:28 Chemistry
50:23 Fortified Wall
50:42 Murder Holes
50:57 Siege Engineers
51:59 Conscription
52:18 Hoardings
53:02 Two-Man Saw
51:41 Elite Mameluke
52:57 Plate Mail Armor
52:42 Arrowslits
blindsestudio0
1:17 Loom
12:34 Feudal Age
13:55 Wheelbarrow
13:10 Double-Bit Axe
13:20 Gold Mining
13:15 Horse Collar
13:35 Arson
14:25 Town Watch
16:03 Forging
16:51 Stone Mining
22:28 Castle Age
22:54 Stone Mining
24:08 Town Patrol
24:43 Padded Archer Armor
24:34 Fletching
25:02 Bow Saw
26:11 Leather Archer Armor
27:57 Hand Cart
27:42 Bodkin Arrow
28:10 Squires
29:02 Heavy Plow
31:12 Coinage
31:35 Gold Shaft Mining
31:37 Stone Shaft Mining
30:35 Man-at-Arms
33:45 Ballistics
35:27 Pikeman
39:05 Imperial Age
39:13 Husbandry
39:25 Bloodlines
41:51 Elite Ghulam
42:31 Grand Trunk Road
42:32 Shatagni
42:42 Shatagni
44:26 Two-Man Saw
45:47 Onager
45:47 Siege Elephant
52:53 Bracer
53:03 Scale Barding Armor
53:00 Scale Mail Armor
53:36 Iron Casting
53:03 Bracer
55:49 Banking
villeguitas.mavg
12:02 Feudal Age
12:29 Double-Bit Axe
12:31 Horse Collar
15:53 Wheelbarrow
16:54 Gold Mining
22:28 Forging
24:59 Castle Age
24:56 Stone Mining
25:21 Scale Mail Armor
25:24 Padded Archer Armor
25:14 Fletching
26:53 Bow Saw
26:47 Heavy Plow
30:44 Leather Archer Armor
30:25 Bodkin Arrow
31:53 Hand Cart
34:11 Gold Shaft Mining
35:12 Crossbowman
36:03 Man-at-Arms
36:29 Gambesons
36:44 Bodkin Arrow
40:01 Imperial Age
39:44 Chain Mail Armor
41:58 Ballistics
42:38 Chemistry
48:21 Guilds
48:14 Caravan
48:44 Coinage
49:27 Elite Longbowman
50:13 Bracer
50:44 Ring Archer Armor
51:45 Banking
53:18 Two-Man Saw
53:29 Plate Mail Armor
56:05 Yeomen
55:55 Warwolf
57:31 Iron Casting
56:58 Treadmill Crane
Connection lost

Rejoining the realm…

Still unreachable

The connection could not be restored.

Session expired

The server has moved on; the page needs a fresh start.